 Dungeon Crawl Stone Soup version 0.29.1-14-g9c671dbff4 (webtiles) character file.

Game seed: 7501356455442437102

18384 KyoPewz the Thaumaturge (level 12, -1/69 HPs)
             Began as a Gargoyle Earth Elementalist on Feb 18, 2023.
             Was a High Priest of Vehumet.
             Slain by a boulder beetle (11 damage)
             ... on level 11 of the Dungeon.
             The game lasted 01:07:11 (14778 turns).

KyoPewz the Thaumaturge (GrEE)                     Turns: 14778, Time: 01:07:12

Health: -1/69      AC: 22    Str: 13    XL:     12   Next: 57%
Magic:  32/36      EV: 12    Int: 22    God:    Vehumet [*****.]
Gold:   333        SH:  5    Dex: 16    Spells: 4/34 levels left

rFire   . . .      SeeInvis .   M - +6 falchion of Action {spect, rC++ Will- Int+2}
rCold   + + .      Faith    .   X - +2 buckler
rNeg    + . .      Spirit   .   z - +0 steam dragon scales
rPois   ∞          Reflect  .   Q - +2 helmet
rElec   +          Harm     .   r - +0 cloak
rCorr   .          Rampage  .   T - +2 pair of gloves
Will    .....                   F - +0 pair of boots
Stlth   ++........              G - amulet of the acrobat
HPRegen 0.21/turn               h - ring of magical power
MPRegen 0.25/turn               K - +6 ring of dexterity

@: no status effects
A: sickness immunity, AC +8, negative energy resistance 1, electricity
resistance, torment resistance 1, petrification resistance
a: Renounce Religion


You were on level 11 of the Dungeon.
You worshipped Vehumet.
Vehumet was extremely pleased with you.
You visited 2 branches of the dungeon, and saw 12 of its levels.
You also visited: Ossuary.

You collected 567 gold pieces.
You spent 234 gold pieces at shops.

Inventory:

Hand Weapons
 b - a +0 dagger of speed
 A - a +4 flail of holy wrath
 M - the +6 falchion of Action (weapon) {spect, rC++ Will- Int+2}
   (You found it on level 7 of the Dungeon)

   When its wielder attacks, the weapon's spirit leaps out and strikes again.
   The spirit shares a part of any damage it takes with its wielder.
   Int:       It affects your intelligence (+2).
   rC:        It greatly protects you from cold.
   Will:      It decreases your willpower.
Missiles
 S - 15 poisoned darts
Armour
 r - a +0 cloak (worn)
 u - a +3 plate armour
 z - +0 steam dragon scales (worn)
 F - a +0 pair of boots (worn)
 Q - a +2 helmet (worn)
 T - a +2 pair of gloves (worn)
 W - a +0 robe of fire resistance
 X - a +2 buckler (worn)
 Z - a +2 robe of willpower
Magical Staves
 a - a staff of earth
 g - a staff of air
 J - a staff of cold
Jewellery
 h - a ring of magical power (left hand)
 l - a ring of see invisible
 s - a +4 ring of slaying
 x - a ring of fire
 E - an amulet of magic regeneration
 G - an amulet of the acrobat (around neck)
 K - a +6 ring of dexterity (right hand)
 U - a +4 ring of protection
 Y - a ring of flight
Wands
 t - a wand of iceblast (17)
 y - a wand of polymorph (9)
Scrolls
 d - 3 scrolls of poison
 e - a scroll of enchant weapon {unknown}
 k - 4 scrolls of magic mapping
 p - a scroll of amnesia {unknown}
 q - a scroll of enchant armour {unknown}
 v - a scroll of teleportation {unknown}
 w - a scroll of torment {unknown}
 B - 2 scrolls of fear
 C - 3 scrolls of immolation
 I - 2 scrolls of blinking {unknown}
 R - a scroll of summoning {unknown}
Potions
 c - 5 potions of attraction
 f - a potion of magic
 i - 2 potions of mutation
 j - 8 potions of curing
 m - 3 potions of flight
 n - a potion of cancellation
 o - 3 potions of might
 D - 4 potions of heal wounds
 H - 2 potions of lignification
 L - a potion of berserk rage {unknown}
 N - 3 potions of ambrosia
 O - 4 potions of haste
 P - a potion of resistance {unknown}
 V - a potion of brilliance {unknown}


   Skills:
 + Level 5.7 Fighting
 + Level 2.5 Armour
 - Level 3.0 Dodging
 - Level 3.0 Stealth
 + Level 11.8 Spellcasting
 - Level 8.0 Conjurations
 - Level 4.0 Translocations
 - Level 3.0 Transmutations
 - Level 4.0 Fire Magic
 + Level 6.7 Ice Magic
 - Level 10.0 Earth Magic


You had 4 spell levels left.
You knew the following spells:

 Your Spells              Type           Power      Damage    Failure   Level
a - Sandblast             Erth           100%       2d20      1%          1
b - Blink                 Tloc           60%        N/A       1%          2
c - Stone Arrow           Conj/Erth      100%       3d13      1%          3
d - Passwall              Tmut/Erth      34%        N/A       1%          2
e - Iskenderun's Mystic   Conj/Tloc      39%        2d9       1%          4
f - Petrify               Tmut/Erth      41%        N/A       4%          4
g - Foxfire               Conj/Fire      100%       2x1d9     1%          1
h - Frozen Ramparts       Ice            84%        1d13      1%          3
i - Mephitic Cloud        Conj/Pois/Air  24%        N/A       1%          3
j - Ozocubu's Refrigerat  Ice            21%        4d12      63%         7

Your spell library contained the following spells:

 Spells                   Type           Power      Damage    Failure   Level
 Beastly Appendage        Tmut           52%        N/A       1%          1
 Magic Dart               Conj           100%       1d8       1%          1
 Searing Ray              Conj           96%        2d7       1%          2
 Dazzling Flash           Conj/Hex       60%        N/A       1%          3
 Wereblood                Tmut           26%        N/A       3%          2
 Fulminant Prism          Conj/Hex       15%        3d11      3%          4
 Portal Projectile        Hex/Tloc       42%        N/A       9%          3
 Spider Form              Tmut/Pois      19%        N/A       11%         3
 Tukima's Dance           Hex            13%        N/A       21%         3
 Starburst                Conj/Fire      19%        6d7       22%         6
 Manifold Assault         Tloc           30%        N/A       36%         5
 Blade Hands              Tmut           13%        N/A       50%         5
 Storm Form               Tmut/Air       9%         N/A       100%        7


Dungeon Overview and Level Annotations

Branches:
Dungeon (11/15)            Temple (1/1) D:6            Lair (0/5) D:8
    Orc (0/2) D:10        Ossuary (visited)

Altars:
Ashenzari
Cheibriados
Dithmenos
Elyvilon
Fedhas
Gozag
Hepliaklqana
Kikubaaqudgha
Makhleb
Nemelex Xobeh
Okawaru
Qazlal
Ru
Sif Muna
Trog
Uskayaw
Vehumet
Wu Jian
Xom
Yredelemnul
Zin
The Shining One

Shops:
D:6 [*([[

Annotations:
D:11 scrolls need digging or lrd


Innate Abilities, Weirdness & Mutations

You are immune to sickness and miasma.
Your stone body is resilient. (AC +8)
You are immune to poison.
You resist negative energy. (rN+)
You are resistant to electric shocks. (rElec)
You are resistant to unholy torment.
You are immune to petrification.


Message History

The boulder beetle barely misses you.
Unknown command.
You slash the boulder beetle!
The boulder beetle is moderately wounded.
Your +6 falchion of Action {spect, rC++ Will- Int+2} hits the boulder beetle but does no damage.
The boulder beetle bites you but does no damage.
The boulder beetle bites you!
You hit the boulder beetle but do no damage.
The boulder beetle is moderately wounded.
Your +6 falchion of Action {spect, rC++ Will- Int+2} hits the boulder beetle!
The boulder beetle bites you!
You hit the boulder beetle but do no damage.
The boulder beetle is heavily wounded.
Your +6 falchion of Action {spect, rC++ Will- Int+2} hits the boulder beetle!
Your +6 falchion of Action {spect, rC++ Will- Int+2} fades away.
The boulder beetle waves its antennae.
The boulder beetle bites you but does no damage.
The boulder beetle misses you.
You barely miss the boulder beetle.
The boulder beetle is heavily wounded.
Your +6 falchion of Action {spect, rC++ Will- Int+2} hits the boulder beetle.
The boulder beetle closely misses you.
You hit the boulder beetle but do no damage.
The boulder beetle is heavily wounded.
Your +6 falchion of Action {spect, rC++ Will- Int+2} hits the boulder beetle but does no damage.
The boulder beetle closely misses you.
You hit the boulder beetle but do no damage.
The boulder beetle is heavily wounded.
Your +6 falchion of Action {spect, rC++ Will- Int+2} hits the boulder beetle but does no damage.
The boulder beetle bites you!! The boulder beetle bites you!
* * * LOW HITPOINT WARNING * * *
Unknown command.
Casting: Petrify (dangerous; 4% risk of failure)
Confirm with . or Enter, or press ? or * to list all spells.
Aiming: Petrify (dangerous; 4% risk of failure)
Press: ? - help, Shift-Dir - straight line, f/p - boulder beetle
Aim: a boulder beetle (heavily wounded, chance to affect: 50%)
The boulder beetle is moving more slowly.
The boulder beetle bites you!
You die...

...#.#......#..#.................
...#.'......#./###...............
####.#.....##....#...............
#....#.(...+>....##..............
.....#.....+......#.........#####
...###.....#......#.........'....
...#.......#......'..#####..#....
####.......#.###'##..# #..#....
........B..###.B@....# #..###..
...............§.....# #..>.#..
#############........# #....##.
#[..........###......##+##.....#.
#.............#................#.
###...........##...............'.
..#............#.............))#.
..#............'...............##
..#............#..###########....


You could see a boulder beetle (petrifying).

Vanquished Creatures
  A boulder beetle (D:11)
  2 two-headed ogres
  An oklob plant (D:10)
  An ugly thing (D:9)
  3 gargoyles
  An efreet (D:9)
  An unseen horror (D:10)
  A komodo dragon (D:11)
  2 trolls
  2 hornets
  A slime creature (D:9)
  Grinder (D:6)
  A culicivora (shapeshifter) (D:9)
  2 wraiths (D:9)
  2 shadows (D:10)
  A vampire (D:9)
  30 yaks
  Grum (D:8)
  4 steam dragons
  Edmund (D:6)
  5 water moccasins
  A sky beast (D:7)
  8 orc warriors
  2 black bears
  4 ogres
  4 wolves (D:8)
  12 centaurs
  2 phantoms
  2 kobold brigands
  2 bullfrogs
  3 gnoll sergeants
  A scorpion (D:5)
  7 water moccasin zombies (Ossuary)
  10 wights
  9 killer bees (D:9)
  3 electric eels (D:8)
  6 howler monkeys
  Crazy Yiuf (D:3)
  10 hounds
  6 orc priests
  3 jellies
  3 gnoll boudas
  2 iguanas (D:6)
  17 orc wizards
  8 ogre zombies (D:10)
  2 mummies (Ossuary)
  14 gnolls
  10 adders
  A white imp (D:6)
  6 adder zombies (Ossuary)
  A worm (D:4)
  2 dart slugs
  30 orcs
  7 ball pythons
  3 endoplasms
  3 giant cockroaches
  5 gnoll zombies (Ossuary)
  6 hobgoblins
  17 kobolds
  6 quokkas
  2 bats
  2 frilled lizards
  10 goblins
  2 goblin skeletons (D:10)
  3 goblin zombies (D:10)
  A hobgoblin skeleton (D:10)
  4 hobgoblin zombies
  2 kobold zombies (Ossuary)
  2 orc skeletons (D:10)
  16 orc zombies
  3 rats
350 creatures vanquished.

Vanquished Creatures (others)
  A butterfly (D:5)
  21 foxfires
  8 fungi (D:10)
  17 plants (D:10)
47 creatures vanquished.

Grand Total: 397 creatures vanquished

Notes
Turn   | Place    | Note
-------+----------+-------------------------------------------
     0 | D:1      | KyoPewz the Gargoyle Earth Elementalist began the quest for
                  | the Orb.
     0 | D:1      | Reached XP level 1. HP: 10/10 MP: 3/3
   282 | D:1      | Reached skill level 1 in Transmutations
   397 | D:1      | Reached XP level 2. HP: 15/15 MP: 0/5
   400 | D:1      | Learned a level 2 spell: Passwall
   971 | D:1      | Reached XP level 3. HP: 19/19 MP: 6/6
  1414 | D:2      | Learned a level 3 spell: Stone Arrow
  1509 | D:2      | Found a faded altar of an unknown god.
  1966 | D:2      | Reached XP level 4. HP: 24/24 MP: 8/8
  2353 | D:3      | Reached skill level 1 in Conjurations
  2414 | D:3      | Reached skill level 3 in Spellcasting
  2414 | D:3      | Reached XP level 5. HP: 20/28 MP: 9/9
  2915 | D:3      | Reached skill level 5 in Earth Magic
  3172 | D:3      | Found a runed translucent door.
  3173 | D:3      | Noticed Crazy Yiuf
  3178 | D:3      | Killed Crazy Yiuf
  3765 | D:4      | You fall into a shaft and drop 2 floors!
  3790 | D:6      | Reached XP level 6. HP: 32/32 MP: 11/11
  3867 | D:6      | Found a shadowy altar of Dithmenos.
  3868 | D:6      | Found a broken altar of Ashenzari.
  3925 | D:6      | Found Oskil's Antique Armour Shop.
  3926 | D:6      | Found Kainoef's Antique Armour Emporium.
  3951 | D:6      | Noticed a steam dragon
  3958 | D:6      | Killed a steam dragon
  3959 | D:6      | Reached skill level 4 in Spellcasting
  3959 | D:6      | Reached XP level 7. HP: 27/36 MP: 11/13
  3978 | D:6      | Noticed Edmund
  3986 | D:6      | Killed Edmund
  4137 | D:6      | Noticed Grinder
  4140 | D:6      | Paralysed by Grinder for 2 turns
  4147 | D:6      | Killed Grinder
  4190 | D:6      | Found a staircase to the Ecumenical Temple.
  4201 | D:6      | Reached XP level 8. HP: 38/41 MP: 14/14
  4205 | Temple   | Entered the Ecumenical Temple
  4221 | Temple   | Became a worshipper of Vehumet
  4316 | D:6      | Found Veluver's Weapon Shop.
  4437 | D:6      | Reached skill level 5 in Spellcasting
  4541 | D:6      | Learned a level 2 spell: Blink
  4546 | D:6      | Learned a level 4 spell: Iskenderun's Mystic Blast
  4551 | D:6      | Learned a level 4 spell: Petrify
  4609 | D:6      | Found Gug Elut's Assorted Antiques.
  4782 | D:6      | Reached skill level 5 in Conjurations
  5035 | D:6      | Found Firphaava's Antique Armour Boutique.
  5045 | D:5      | Entered Level 5 of the Dungeon
  5318 | D:4      | Reached skill level 6 in Spellcasting
  5416 | D:4      | Reached * piety under Vehumet
  5416 | D:4      | Offered knowledge of Foxfire by Vehumet.
  5419 | D:4      | Learned a level 1 spell: Foxfire
  5859 | D:5      | Reached XP level 9. HP: 46/46 MP: 18/18
  5896 | D:4      | Reached skill level 1 in Fighting
  6003 | D:5      | Reached skill level 1 in Translocations
  6113 | D:5      | Found a white marble altar of Elyvilon.
  6277 | D:5      | Found a shimmering altar of Xom.
  6454 | D:7      | Reached ** piety under Vehumet
  6454 | D:7      | Offered knowledge of Scorch by Vehumet.
  6601 | D:7      | Found a sand-covered staircase.
  6618 | D:7      | Identified the +6 falchion of Action {spect, rC++ Will-
                  | Int+2}
  6625 | Ossuary  | Entered an ossuary
  6717 | Ossuary  | Offered knowledge of Frozen Ramparts by Vehumet.
  6725 | Ossuary  | Learned a level 3 spell: Frozen Ramparts
  6940 | D:7      | Found a sacrificial altar of Ru.
  7098 | D:7      | Reached *** piety under Vehumet
  7202 | D:7      | Found a shimmering blue altar of Sif Muna.
  7495 | D:8      | Reached XP level 10. HP: 56/56 MP: 19/19
  7515 | D:8      | Reached skill level 10 in Earth Magic
  7521 | D:8      | Reached skill level 5 in Fighting
  7764 | D:8      | Noticed a two-headed ogre
  7773 | D:8      | Killed a two-headed ogre
  7864 | D:8      | Offered knowledge of Fulminant Prism by Vehumet.
  7882 | D:8      | Found an ornate altar of the Wu Jian Council.
  7972 | D:8      | Noticed Grum
  8384 | D:8      | Killed Grum
  8437 | D:8      | Found a staircase to the Lair.
  8443 | D:8      | Reached **** piety under Vehumet
  8951 | D:9      | Reached XP level 11. HP: 63/63 MP: 21/21
  8963 | D:9      | Reached skill level 7 in Spellcasting
  9453 | D:9      | Reached skill level 8 in Spellcasting
  9463 | D:9      | Offered knowledge of Mephitic Cloud by Vehumet.
  9547 | D:9      | Learned a level 3 spell: Mephitic Cloud
  9836 | D:9      | Found a glowing golden altar of the Shining One.
  9865 | D:9      | Noticed a two-headed ogre
  9868 | D:9      | Killed a two-headed ogre
  9869 | D:9      | Reached skill level 9 in Spellcasting
 10232 | D:9      | Noticed a white ugly thing
 10248 | D:9      | HP: 2/63 [white ugly thing (35)]
 10542 | D:9      | Reached skill level 10 in Spellcasting
 10639 | D:9      | Killed a white ugly thing
 10904 | D:9      | Reached ***** piety under Vehumet
 11106 | D:9      | Offered knowledge of Ozocubu's Refrigeration by Vehumet.
 11119 | D:9      | Learned a level 7 spell: Ozocubu's Refrigeration
 11434 | D:9      | Reached XP level 12. HP: 68/68 MP: 26/26
 11583 | D:9      | Reached skill level 11 in Spellcasting
 11705 | D:6      | Bought a scroll of identify for 52 gold pieces
 11705 | D:6      | Bought a scroll of identify for 52 gold pieces
 11705 | D:6      | Bought a coral ring for 130 gold pieces
 11777 | D:10     | Entered Level 10 of the Dungeon
 11850 | D:9      | Reached skill level 5 in Ice Magic
 12244 | D:10     | Found a staircase to the Orcish Mines.
 12893 | D:10     | Found a blossoming altar of Fedhas.
 12945 | D:10     | Reached skill level 1 in Armour
 13979 | D:11     | Found a glowing silver altar of Zin.
 14082 | D:11     | Identified the +1 dagger of Dawn {elec, rPois rC+ Str+3}
 14361 | D:11     | Noticed a boulder beetle
 14362 | D:11     | Noticed a boulder beetle
 14606 | D:11     | Killed a boulder beetle
 14778 | D:11     | Slain by a boulder beetle

Illustrated notes

Levels and vault maps discovered:
D:1:      elethiomel_arrival_quiet, layout_loops_ring, nrook_mini_vaults,
          hangedman_decor_push, minmay_misc_feat_encased, minivault_25
D:2:      layout_basic, chequers_ecumenical_altar_twisty
D:3:      layout_basic, corner_web_ring, minivault_25, uniq_crazy_yiuf_cottage
D:4:      layout_basic, nicolae_figureground_pulse
D:5:      layout_cave_pools, kennysheep_mini, nicolae_elyvilon_peaceful_grove
D:6:      layout_basic, gammafunk_temple_overflow_statue,
          minmay_temple_entry_glassed_door, serial_shops, kennysheep_mini_moat,
          shop, nicolae_shop_statue_plus, nicolae_shop_hallway_plus, shop,
          uniq_grinder, uniq_edmund
D:7:      layout_loops_corners, tgw_sif, nicolae_ru_great_annihilating_truth,
          enter_ossuary_1, nicolae_lava_and_water
D:8:      layout_loops_ring, nicolae_wu_jian_wuxing_cycle, erik_lair_island,
          uniq_grum
D:9:      minmay_quarter_circles, layout_grid_maze, tso_metal_star
D:10:     layout_layer_cave, tgw_fedhas, zombieorc2_lemuel
D:11:     layout_irregular_city, solitary_fountain, zin_scriptorium
Temple:   cyrus_circular_temple

Skill      XL: |  1  2  3  4  5  6  7  8  9 10 11 12 |
---------------+-------------------------------------+-----
Transmutations | 1 2 3 |  3.0
Earth Magic    | 4 5 6 8 9 10 | 10.0
Conjurations   | 1 2 3 4 5 6 8 |  8.0
Spellcasting   | 3 4 6 10 11 | 11.8
Fighting       | 4 5 |  5.7
Translocations | 3 4 |  4.0
Dodging        | 3 |  3.0
Stealth        | 3 |  3.0
Fire Magic     | 4 |  4.0
Ice Magic      | 4 6 |  6.7
Armour         | 2 |  2.5

Action                   |  1- 3 |  4- 6 |  7- 9 | 10-12 || total
-------------------------+-------+-------+-------+-------++-------
Melee: Mace              |     2 |       |       |       ||     2
       Unarmed           |     2 |       |       |       ||     2
       Dagger            |     7 |       |       |       ||     7
       Staff             |       |     2 |    11 |    58 ||    71
       Falchion          |       |       |       |    29 ||    29
 Cast: Sandblast         |    57 |    50 |   161 |   324 ||   592
       Passwall          |     3 |       |       |       ||     3
       Stone Arrow       |       |     2 |       |    89 ||    91
       Petrify           |       |       |       |    19 ||    19
       Foxfire           |       |       |       |    11 ||    11
       Frozen Ramparts   |       |       |       |     2 ||     2
  Use: Scroll            |       |       |       |    16 ||    16
       Potion            |       |       |       |     2 ||     2
 Stab: Sleeping          |       |       |     1 |       ||     1
       Petrified         |       |       |       |    11 ||    11
Armor: Robe              |    10 |       |       |       ||    10
       Ring mail         |       |     6 |       |       ||     6
       Steam dragon scal |       |       |    40 |   137 ||   177
Dodge: Dodged            |    24 |    11 |    36 |   229 ||   300
Block: Buckler           |       |       |       |    18 ||    18
